 Dungeon Crawl Stone Soup version 0.20-a0-2-g2b0e13a (webtiles) character file.

3023 Leibowitz the Spear-Bearer (level 9, 0/74 HPs)
             Began as a Demigod Gladiator on Oct 28, 2016.
             Slain by reaperXD's ghost (1 damage)
             ... on level 7 of the Dungeon.
             The game lasted 00:22:03 (7021 turns).

Leibowitz the Spear-Bearer (Demigod Gladiator)      Turns: 7021, Time: 00:22:04

Health: 0/74       AC:  9    Str: 20    XL:     9   Next: 30%
Magic:  12/12      EV: 13    Int: 12    God:
Gold:   500        SH:  0    Dex: 20    Spells: 0 memorised, 8 levels left

rFire  . . .     SeeInvis .     a - +3 trident (freeze)
rCold  . . .     Gourm    .     e - +0 ring mail (curse)
rNeg   . . .     Faith    .     (no shield)
rPois  .         Spirit   .     c - +0 helmet
rElec  .         Reflect  .     (no cloak)
rCorr  .         Harm     .     m - +1 pair of gloves
MR     .....                    (no boots)
Stlth  ++........               (no amulet)
                                (no ring)
                                (no ring)

@: about to teleport
A: high mp 1
a: no special abilities


You were on level 7 of the Dungeon.
You were not hungry.

You visited 1 branch of the dungeon, and saw 7 of its levels.

You collected 500 gold pieces.

Inventory:

Hand Weapons
 a - a +3 trident of freezing (weapon)
 y - a +0 trident of flaming
Missiles
 d - 5 throwing nets (quivered)
 h - 50 poisoned needles
Armour
 c - a +0 helmet (worn)
 e - a cursed +0 ring mail (worn)
 m - a +1 pair of gloves (worn)
Jewellery
 n - an uncursed ring of ice {unknown}
 s - an uncursed ring of teleportation
Wands
 u - a wand of acid (15/15)
 w - a wand of random effects (28/48)
Scrolls
 g - a scroll of remove curse
 l - 8 scrolls of identify
 t - a scroll of enchant armour
Potions
 i - 3 potions of haste
 k - 3 potions of curing
 q - a potion of flight
 x - a potion of might
Comestibles
 b - 3 meat rations
 f - 9 bread rations
 o - 7 chunks of flesh
 p - 10 beef jerkies
 r - 3 fruits
 v - a royal jelly


   Skills:
 + Level 5.0 Fighting
 + Level 9.4 Polearms
 + Level 1.7 Throwing
 + Level 5.4 Armour
 + Level 4.0 Dodging
 + Level 1.6 Stealth
 + Level 1.0 Evocations


You had 8 spell levels left.
You didn't know any spells.

Dungeon Overview and Level Annotations

Branches:
Dungeon (7/15)
 Temple: D:4-7

Shops:
D:7 [

Annotations:
D:6 Tekks's ghost, novice DDFi
D:7 reaperXD's ghost, novice MiMo


Innate Abilities, Weirdness & Mutations

You have an increased reservoir of magic. (+10% MP)


Message History

Attack whom?
Press: ? - help, Dir - move target cursor, f/p - reaperXD's ghost
Aim: reaperXD's ghost, wielding a weapon of freezing (severely damaged)
You could not reach far enough!
ReaperXD's ghost hits your hippogriff!!
ReaperXD's ghost freezes your hippogriff.
Your hippogriff dies!
Your hippogriff's corpse dissolves into shadows!
Attack whom?
Press: ? - help, Dir - move target cursor, f/p - reaperXD's ghost
Aim: reaperXD's ghost, wielding a weapon of freezing (severely damaged, hasn't noticed you)
You reach to attack!
ReaperXD's ghost turns its malevolent gaze towards you.
You hit reaperXD's ghost. You freeze reaperXD's ghost.
ReaperXD's ghost is severely damaged.
ReaperXD's ghost shrieks, "Do you think the gods will protect you?"
As you read the scroll of teleportation, it crumbles to dust.
You feel strangely unstable. ReaperXD's ghost hits you!!
* * * LOW HITPOINT WARNING * * *
ReaperXD's ghost freezes you.
You die...

.... .. #..#
#####.#### #..#
##........#
###### #..#
#...........
.....[ #..#
#....####...
....##
#.)######...## .
###.#
#..#.........#
#.#
#......W.....#
###.#
###.....@###.###
..#.#
###.......## #.#
#.#.#
#..........# ...
#.#.#
#....###.### ....
#.#.###..รท[# ..#
.###
...........##...
..#.###...###....
.##.#
#...........
..>.# #.......).


You could see reaperXD's ghost.

Vanquished Creatures
  4 humans (D:6)
  A hungry ghost (D:7)
  An orc warrior (D:6)
  3 sky beasts (D:6)
  An ice beast (D:7)
  A phantom (D:5)
  An ogre (D:7)
  A big kobold (D:7)
  A bullfrog (D:7)
  2 scorpions
  6 killer bees (D:6)
  A howler monkey (D:6)
  9 wights (D:6)
  3 crimson imps
  2 hounds (D:4)
  A gnoll shaman (D:6)
  An orc priest (D:5)
  A centaur skeleton (D:5)
  Terence (D:3)
  An iguana (D:4)
  4 orc wizards
  5 worker ants
  A hound skeleton (D:5)
  A worker ant zombie (D:7)
  3 gnolls (D:6)
  6 adders
  A howler monkey skeleton (D:6)
  A shadow imp (D:6)
  An adder skeleton (D:6)
  2 worms
  A dart slug (D:3)
  2 leopard geckos
  32 orcs
  3 giant cockroaches
  3 goblins
  8 hobgoblins
  5 jackals
  6 quokkas
  6 bats
  12 frilled lizards
  A jackal skeleton (D:6)
  16 kobolds
  A leopard gecko zombie (D:7)
  5 rats
168 creatures vanquished.

Vanquished Creatures (collateral kills)
  An adder (D:7)
1 creature vanquished.

Grand Total: 169 creatures vanquished

Notes
Turn   | Place    | Note
-------+----------+-------------------------------------------
     0 | D:1      | Leibowitz the Demigod Gladiator began the quest for the Orb.
     0 | D:1      | Reached XP level 1. HP: 17/17 MP: 3/3
   663 | D:1      | Reached skill level 3 in Polearms
   801 | D:1      | Reached XP level 2. HP: 23/24 MP: 4/4
  1525 | D:2      | Reached XP level 3. HP: 25/29 MP: 5/5
  1730 | D:2      | Reached skill level 1 in Armour
  2243 | D:3      | Reached XP level 4. HP: 33/37 MP: 6/6
  2331 | D:3      | Reached skill level 4 in Polearms
  2918 | D:3      | Noticed Terence
  2939 | D:3      | Killed Terence
  2939 | D:3      | Reached XP level 5. HP: 39/42 MP: 7/7
  3890 | D:4      | Found a shimmering altar of Xom.
  3907 | D:4      | Reached XP level 6. HP: 43/50 MP: 8/8
  3966 | D:4      | Found a shimmering altar of Xom.
  4115 | D:4      | Found a shimmering altar of Xom.
  4118 | D:4      | Found a shimmering altar of Xom.
  4118 | D:4      | Found a shimmering altar of Xom.
  4145 | D:5      | Entered Level 5 of the Dungeon
  4170 | D:5      | Reached skill level 5 in Polearms
  4505 | D:5      | Reached XP level 7. HP: 56/56 MP: 9/9
  4584 | D:5      | Reached skill level 6 in Polearms
  4838 | D:6      | Noticed Tekks's ghost (novice DDFi)
  5088 | D:6      | Reached skill level 7 in Polearms
  5089 | D:6      | Noticed a human
  5103 | D:6      | Killed a human
  5103 | D:6      | Reached XP level 8. HP: 42/64 MP: 11/11
  5339 | D:6      | Reached skill level 8 in Polearms
  5352 | D:6      | Reached skill level 1 in Evocations
  5622 | D:6      | Found a stormy altar of Qazlal.
  5988 | D:6      | Reached skill level 1 in Stealth
  6141 | D:6      | Reached skill level 5 in Armour
  6178 | D:6      | Reached skill level 9 in Polearms
  6178 | D:6      | Reached XP level 9. HP: 35/72 MP: 12/12
  6436 | D:6      | Found an iron altar of Okawaru.
  6638 | D:6      | Found a snail-covered altar of Cheibriados.
  6642 | D:6      | Found a glowing golden altar of the Shining One.
  6646 | D:6      | Found an opulent altar of Gozag.
  6890 | D:7      | Reached skill level 5 in Fighting
  6942 | D:7      | Found Sijaow's Armour Boutique.
  7000 | D:7      | Noticed reaperXD's ghost (novice MiMo)
  7021 | D:7      | HP: 1/74 [reaperXD's ghost (28)]
  7021 | D:7      | Slain by reaperXD's ghost

Vault maps used:
D:1:      elethiomel_arrival_shortcut
D:3:      uniq_terence
D:4:      roderic_curled_sauvastika, xom_redecorated
D:5:      first_bread
D:6:      okawaru_metal_pillars_1_2, minmay_overflow_temple_star_quad,
          basic_altar, minmay_ruffians
D:7:      serial_shops, nicolae_shop_trees, grunt_ogre_cave,
          hangedman_decor_growths

Skill      XL: |  1  2  3  4  5  6  7  8  9 |
---------------+----------------------------+-----
Polearms       | 3 4 5 7 9 |  9.4
Dodging        | 3 4 |  4.0
Fighting       | 2 3 4 5 |  5.0
Armour         | 1 2 3 4 5 |  5.4
Evocations     | 1 |  1.0
Stealth        | 1 |  1.6
Throwing       | |  1.7

Action                   |  1- 3 |  4- 6 |  7- 9 || total
-------------------------+-------+-------+-------++-------
Melee: Trident           |   153 |   304 |   289 ||   746
Evoke: Wand              |       |       |     3 ||     3
  Use: Scroll            |       |     2 |     9 ||    11
       Potion            |       |       |     4 ||     4
 Stab: Sleeping          |     2 |       |     2 ||     4
       Confused          |       |       |     1 ||     1
       Distracted        |       |       |     1 ||     1
  Eat: Chunk             |     4 |     8 |    10 ||    22
Armor: Leather armour    |     8 |       |       ||     8
       Chain mail        |    44 |   150 |    49 ||   243
       Ring mail         |       |       |    33 ||    33
Dodge: Dodged            |    63 |   127 |    94 ||   284
